 Dungeon Crawl Stone Soup version 0.30-a0-341-g682706514a (webtiles) character file.

Game seed: 3537121815731810741

18 koil the Ruffian (level 2, -1/23 HPs)
             Began as a Draconian Transmuter on Nov 4, 2022.
             Slain by a hobgoblin (3 damage)
             ... on level 1 of the Dungeon.
             The game lasted 00:01:19 (311 turns).

koil the Ruffian (Draconian Transmuter)              Turns: 311, Time: 00:01:20

Health: -1/23      AC:  4    Str: 12    XL:     2   Next: 48%
Magic:  4/5        EV: 12    Int: 13    God:
Gold:   21         SH:  0    Dex: 11    Spells: 2/5 levels left

rFire   . . .      SeeInvis .      - Unarmed
rCold   . . .      Faith    .    (no shield)
rNeg    . . .      Spirit   .    (body armour unavailable)
rPois   .          Reflect  .    (helmet currently unavailable)
rElec   .          Harm     .    (no cloak)
rCorr   .          Rampage  .    (no gloves)
Will    .....                    (boots currently unavailable)
Stlth   +.........               (no amulet)
HPRegen 0.23/turn                (no ring)
MPRegen 0.09/turn                (no ring)

@: lethally poisoned (-1 -> -16), appendages (expiring)
A: horns 2, talons 2, AC +4, unfitting armour, cold-blooded
a: End Transformation


You were on level 1 of the Dungeon.
You had temporarily grown beastly horns and talons.
You visited 1 branch of the dungeon, and saw 1 of its levels.

You collected 21 gold pieces.

Inventory:

Missiles
 c - 3 poisoned darts
Scrolls
 b - 3 scrolls of identify {unknown}
Potions
 a - a potion of lignification


   Skills:
 + Level 1.5 Fighting
 + Level 2.0 Dodging
 + Level 3.1 Unarmed Combat
 + Level 2.2 Spellcasting
 + Level 2.2 Transmutations


You had 2 spell levels left.
You knew the following spells:

 Your Spells              Type           Power      Damage    Failure   Level
a - Beastly Appendage     Tmut           14%        N/A       10%         1
b - Wereblood             Tmut           7%         N/A       16%         2

Your spell library contained the following spells:

 Spells                   Type           Power      Damage    Failure   Level
 Spider Form              Tmut/Pois      4%         N/A       43%         3
 Ice Form                 Ice/Tmut       4%         N/A       83%         4


Dungeon Overview and Level Annotations

Branches:
Dungeon (1/15)

Altars:


Innate Abilities, Weirdness & Mutations

You have temporarily grown beastly horns and talons.
Your plain brown scales are hard. (AC +4)
You cannot fit into any form of body armour.
You are cold-blooded and may be slowed by cold attacks.


Message History

A goblin comes into view. It is wielding a +2 dagger of venom.
A quokka and a hobgoblin come into view.
The goblin shouts!
The hobgoblin shouts!
You grow a pair of large bovine horns.
Your feet morph into talons.
The quokka bites you but does no damage.
The goblin misses you.
A hobgoblin comes into view.
The quokka bites you.
You closely miss the quokka. You tail-slap the quokka.
The quokka is almost dead.
Your transformation is almost over.
The goblin hits you but does no damage.
You are poisoned.
The quokka barely misses you.
You hit the quokka but do no damage. You claw the quokka.
You kill the quokka!
You feel sick.
The goblin hits you with a +2 dagger of venom.
You hit the hobgoblin. Your kick misses the hobgoblin.
The hobgoblin is moderately wounded.
You feel sick.
The goblin hits you with a +2 dagger of venom.
The hobgoblin completely misses you.
You closely miss the hobgoblin.
The hobgoblin is moderately wounded.
You feel sick. The goblin hits you but does no damage.
You are lethally poisoned!
The hobgoblin hits you.
You closely miss the hobgoblin. Your kick misses the hobgoblin.
The hobgoblin is moderately wounded.
You feel very sick.
The goblin hits you with a +2 dagger of venom.
You are more poisoned.
The hobgoblin barely misses you.
You hit the hobgoblin.
The hobgoblin is severely wounded.
* * * LOW HITPOINT WARNING * * *
You feel very sick. The goblin completely misses you. The hobgoblin hits you.
You die...

..### ....#############
## ....)........... ..
...........#...##.. ##
..####..##....... ...
..###...........####....
.........###.##.........
#..>....................
............####@.g.....
##..........# #gg......
##..........# #........
............# #........
............# #........
♣...........# #......##
♣♣..........# ###.#.##
.♣♣......##.#
#.#[......# ..♣
####.#.......###


You could see 2 hobgoblins and a goblin.

Vanquished Creatures
  3 endoplasms (D:1)
  A giant cockroach (D:1)
  3 goblins (D:1)
  A hobgoblin (D:1)
  2 kobolds (D:1)
  2 quokkas (D:1)
  3 frilled lizards (D:1)
15 creatures vanquished.

Notes
Turn   | Place    | Note
-------+----------+-------------------------------------------
     0 | D:1      | koil the Draconian Transmuter began the quest for the Orb.
     0 | D:1      | Reached XP level 1. HP: 16/16 MP: 3/3
   136 | D:1      | Reached XP level 2. HP: 17/23 MP: 5/5
   139 | D:1      | Learned a level 2 spell: Wereblood
   173 | D:1      | Found a faded altar of an unknown god.
   311 | D:1      | Slain by a hobgoblin

Illustrated notes

Levels and vault maps discovered:
D:1:      giann_bridges, layout_rooms, shapermc_ecumenical_altar_totnotflames

Skill      XL: |  1  2 |
---------------+-------+-----
Dodging        | 2 |  2.0
Fighting       | |  1.5
Unarmed Combat | |  3.1
Spellcasting   | |  2.2
Transmutations | |  2.2

Action                   || total
-------------------------++-------
Melee: Unarmed           ||    60
       Tailslap          ||     8
       Kick              ||     1
 Cast: Beastly Appendage ||     2
Armor: Skin              ||    12
Dodge: Dodged            ||    35

Table legend: (Time is in decaauts)
 A = Elapsed time spent in this place.
 B = Non-inter-level travel time spent in this place.
 C = Inter-level travel time spent in this place.
 D = Time resting spent in this place.
 E = Time spent auto-exploring this place.
 F = Levels seen in this place.
 G = Mean time per level.
                   A        B        C        D        E       F      G
               +--------+--------+--------+--------+--------+-----+--------+
         Total |    313 |    313 |      0 |      0 |    147 |   1 |  313.0 |
       Dungeon |    313 |    313 |      0 |      0 |    147 |   1 |  313.0 |
               +--------+--------+--------+--------+--------+-----+--------+

Top non-repeatable levels by time:
     D:1: 313 daAuts
